 Dungeon Sprint DCSS version 0.30-a0-772-g5528072125 (webtiles) character file.

Game seed: 10472388886756722230

3000000 rocky1 the Axe Maniac (level 19, -35/245 HPs)
             Began as an Ogre Gladiator on Feb 13, 2023.
             Was the Champion of Makhleb.
             Annihilated by a large bag of meat
             ... wielding a +9 giant spiked club
              (96 damage)
             ... in the Dungeon (Sprint VIII: "Arena of Blood").
             The game lasted 00:00:55 (30 turns).

rocky1 the Axe Maniac (Ogre Gladiator)                Turns: 30, Time: 00:00:56

Health: -35/245    AC:  3    Str: 29    XL:     19   Next: 72%
Magic:  18/33      EV: 19    Int:  9    God:    Makhleb [******]
Gold:   0          SH:  0    Dex: 10    Spells: 38/38 levels left

rFire   . . .      SeeInvis .    l - +∞ Axe of Woe
rCold   . . .      Faith    .    (shield currently unavailable)
rNeg    . . .      Spirit   .    b - +0 robe
rPois   .          Reflect  .    c - +0 hat
rElec   .          Harm     .    (no cloak)
rCorr   .          Rampage  .    (gloves unavailable)
Will    +....      NoTele   +    (boots unavailable)
Stlth   +++                      (no amulet)
HPRegen 0.60/turn                m - +30 ring of slaying
MPRegen 0.23/turn                n - +30 ring of slaying

@: no status effects
A: large, unfitting armour, tough skin 1
a: Renounce Religion, Minor Destruction, Lesser Servant of Makhleb, Major
Destruction, Greater Servant of Makhleb


You were in the Dungeon.
You worshipped Makhleb.
Makhleb was exalted by your worship.
You visited 1 branch

Inventory:

Hand Weapons
 a - a +0 war axe
 l - the +∞ Axe of Woe (weapon)
   (You found it in the Dungeon)
Missiles
 d - 3 throwing nets (quivered)
 e - a large rock
Armour
 b - a +0 robe (worn)
 c - a +0 hat (worn)
Jewellery
 m - a +30 ring of slaying (left hand)
 n - a +30 ring of slaying (right hand)
Scrolls
 k - a scroll of blinking
Potions
 f - a potion of curing
 g - a potion of heal wounds
 h - a potion of haste
 i - 2 potions of magic
 j - a potion of berserk rage


   Skills:
 O Level 27 Fighting
 + Level 8.6(10.2) Short Blades
 + Level 8.6(10.2) Long Blades
 O Level 27 Axes
 + Level 8.6(19.1) Maces & Flails
 + Level 9.4(20.6) Polearms
 + Level 9.4(12.5) Staves
 + Level 7.2 Ranged Weapons
 O Level 27 Throwing
 + Level 7.9 Armour
 O Level 27 Dodging
 + Level 7.9 Stealth
 + Level 9.4 Shields
 + Level 8.6 Unarmed Combat
 + Level 10.3 Spellcasting
 + Level 8.6 Conjurations
 + Level 9.7 Hexes
 + Level 8.6 Summonings
 + Level 8.6 Necromancy
 + Level 8.6 Translocations
 + Level 8.6 Transmutations
 + Level 8.6 Fire Magic
 + Level 8.6 Ice Magic
 + Level 8.6 Air Magic
 + Level 8.6 Earth Magic
 + Level 9.7 Poison Magic
 + Level 11.5 Invocations
 + Level 8.9 Evocations


You had 38 spell levels left.
You didn't know any spells.
Your spell library was empty.

Dungeon Overview and Level Annotations

Branches:
Dungeon (1/1)

Altars:
Makhleb


Innate Abilities, Weirdness & Mutations

You are too large for most types of armour.
You have tough skin. (AC +1)


Message History

You butcher the bag of meat messily.
You kill the bag of meat!
Makhleb accepts your kill.
You feel better.
You hear a shout! x4
A large bag of meat comes into view. It is wielding a +9 giant spiked club.
The large bag of meat is engulfed in blazing flames.
The meat berserker rages.
You hear a shout! x3; You hear a roar!
You hear a shout!
Your base Short Blades skill increases to level 8!
Your base Long Blades skill increases to level 8!
Your base Maces & Flails skill increases to level 8!
Your base Polearms skill gained 2 levels and is now at level 9!
Your base Staves skill gained 2 levels and is now at level 9!
Your Ranged Weapons skill gained 2 levels and is now at level 7!
Your Armour skill increases to level 7!
Your Stealth skill increases to level 7!
Your Shields skill gained 2 levels and is now at level 9!
Your Unarmed Combat skill increases to level 8!
Your Spellcasting skill gained 2 levels and is now at level 10!
Your Conjurations skill increases to level 8!
Your Hexes skill increases to level 9!
Your Summonings skill increases to level 8!
Your Necromancy skill increases to level 8!
Your Translocations skill increases to level 8!
Your Transmutations skill increases to level 8!
Your Fire Magic skill increases to level 8!
Your Ice Magic skill increases to level 8!
Your Air Magic skill increases to level 8!
Your Earth Magic skill increases to level 8!
Your Poison Magic skill increases to level 9!
Your Invocations skill gained 2 levels and is now at level 11!
Your Evocations skill increases to level 8!
Unknown command.
Unknown command.
The large bag of meat attacks as you move away!
The large bag of meat hits you with a +9 giant spiked club!!!!
* * * LOW HITPOINT WARNING * * *
The large bag of meat hits you with a +9 giant spiked club!!!!
You die...

oo........#o#..
o............o.
#oV....O.......
#........o.o..
.....Oo.o....
O..oo..o...
#)))o...# ..
#)@)....# .
...###§O..O..###..
O.....§°###......
#.....§o§_......
.O....#).)..#..
......#_)<)_#
......#).)).#
#........_......
........###......


You could see a destroyer, 4 large bags of meat, 2 meat berserkers and 15 bags
of meat.

Vanquished Creatures
  A vampire knight (D)
  11 ogres (D)
  A two-headed ogre (D)
  12 orcs (D)
25 creatures vanquished.

Notes
Turn   | Place    | Note
-------+----------+-------------------------------------------
     0 | D        | Found the +∞ Axe of Woe
     0 | D        | rocky1 the Ogre Gladiator began the quest for the Orb.
     0 | D        | Reached XP level 1. HP: 22/22 MP: 1/1
     0 | D        | Noticed a bag of meat
     2 | D        | Became a worshipper of Makhleb the Destroyer
     2 | D        | Noticed a bag of meat
     3 | D        | Noticed a bag of meat
     4 | D        | Noticed a meat berserker
     4 | D        | Noticed a meat berserker
     4 | D        | Noticed a bag of meat
     5 | D        | Noticed a bag of meat
     7 | D        | Killed a bag of meat
     8 | D        | Reached skill level 15 in Dodging
     8 | D        | Reached XP level 2. HP: 49/49 MP: 2/2
     8 | D        | Reached XP level 3. HP: 57/57 MP: 3/3
     8 | D        | Reached XP level 4. HP: 66/66 MP: 4/4
     8 | D        | Reached XP level 5. HP: 74/74 MP: 5/5
     8 | D        | Reached XP level 6. HP: 83/83 MP: 6/6
     8 | D        | Reached XP level 7. HP: 89/89 MP: 7/7
     8 | D        | Reached XP level 8. HP: 98/98 MP: 8/8
     8 | D        | Reached XP level 9. HP: 106/106 MP: 9/9
     8 | D        | Reached XP level 10. HP: 115/115 MP: 10/10
     8 | D        | Reached XP level 11. HP: 123/123 MP: 11/11
     8 | D        | Noticed a bag of meat
     9 | D        | Killed a bag of meat
     9 | D        | Reached * piety under Makhleb
     9 | D        | Killed a bag of meat
     9 | D        | Killed a meat berserker
     9 | D        | Killed a meat berserker
     9 | D        | Reached ** piety under Makhleb
     9 | D        | Noticed a meat berserker
    10 | D        | Reached XP level 12. HP: 152/152 MP: 12/12
    10 | D        | Reached XP level 13. HP: 159/159 MP: 13/13
    10 | D        | Reached XP level 14. HP: 170/170 MP: 14/14
    10 | D        | Noticed a meat berserker
    10 | D        | Noticed a meat berserker
    10 | D        | Noticed a meat berserker
    10 | D        | Noticed a meat berserker
    11 | D        | Killed a bag of meat
    12 | D        | Killed a bag of meat
    13 | D        | Reached XP level 15. HP: 182/182 MP: 15/15
    14 | D        | Noticed a large bag of meat
    15 | D        | Killed a meat berserker
    15 | D        | Reached *** piety under Makhleb
    15 | D        | Killed a meat berserker
    15 | D        | Killed a meat berserker
    15 | D        | Killed a meat berserker
    15 | D        | Reached **** piety under Makhleb
    15 | D        | Noticed a meat berserker
    16 | D        | Reached skill level 27 in Fighting
    16 | D        | Reached skill level 27 in Axes
    16 | D        | Reached skill level 27 in Dodging
    16 | D        | Reached XP level 16. HP: 201/217 MP: 16/16
    17 | D        | Killed a meat berserker
    17 | D        | Killed a meat berserker
    17 | D        | Reached ***** piety under Makhleb
    17 | D        | Noticed a meat berserker
    18 | D        | Reached skill level 27 in Throwing
    18 | D        | Reached XP level 17. HP: 226/226 MP: 17/17
    20 | D        | Noticed a meat berserker
    20 | D        | Noticed a large bag of meat
    22 | D        | Noticed a meat berserker
    23 | D        | Noticed a destroyer
    23 | D        | Killed a meat berserker
    24 | D        | Reached skill level 5 in Spellcasting
    24 | D        | Reached skill level 5 in Invocations
    25 | D        | Noticed a large bag of meat
    26 | D        | Killed a meat berserker
    27 | D        | Reached skill level 5 in Short Blades
    27 | D        | Reached skill level 5 in Long Blades
    27 | D        | Reached skill level 5 in Maces & Flails
    27 | D        | Reached skill level 5 in Armour
    27 | D        | Reached skill level 5 in Stealth
    27 | D        | Reached skill level 5 in Unarmed Combat
    27 | D        | Reached skill level 5 in Conjurations
    27 | D        | Reached skill level 5 in Summonings
    27 | D        | Reached skill level 5 in Necromancy
    27 | D        | Reached skill level 5 in Translocations
    27 | D        | Reached skill level 5 in Transmutations
    27 | D        | Reached skill level 5 in Fire Magic
    27 | D        | Reached skill level 5 in Ice Magic
    27 | D        | Reached skill level 5 in Air Magic
    27 | D        | Reached skill level 5 in Earth Magic
    27 | D        | Reached XP level 18. HP: 206/236 MP: 17/28
    27 | D        | Killed a meat berserker
    27 | D        | Killed a large bag of meat
    27 | D        | Noticed a destroyer
    27 | D        | Noticed a meat berserker
    28 | D        | Reached skill level 5 in Ranged Weapons
    28 | D        | Reached XP level 19. HP: 203/245 MP: 17/31
    28 | D        | Noticed a large bag of meat
    28 | D        | Noticed a meat berserker
    28 | D        | Noticed a meat berserker
    29 | D        | Killed a destroyer
    29 | D        | Reached ****** piety under Makhleb
    29 | D        | Noticed a large bag of meat
    30 | D        | Reached skill level 10 in Spellcasting
    30 | D        | Annihilated by a large bag of meat

Illustrated notes

Levels and vault maps discovered:
D:        meatsprint

Skill      XL: |  1  2  3  4  5  6  7  8  9 10 11 12 13 14 15 16 17 18 19 |
---------------+----------------------------------------------------------+-----
Fighting       | 11 18 19 27 | 27.0
Axes           | 16 25 26 27 | 27.0
Throwing       | 9 13 14 21 27 | 27.0
Dodging        | 15 21 22 27 | 27.0
Short Blades   | 5 7 8 |  8.6
Long Blades    | 5 7 8 |  8.6
Maces & Flails | 5 7 8 |  8.6
Polearms       | 6 7 9 |  9.4
Staves         | 6 7 9 |  9.4
Ranged Weapons | 4 5 7 |  7.2
Armour         | 5 6 7 |  7.9
Stealth        | 5 6 7 |  7.9
Shields        | 6 7 9 |  9.4
Unarmed Combat | 5 7 8 |  8.6
Spellcasting   | 7 8 10 | 10.3
Conjurations   | 5 7 8 |  8.6
Hexes          | 6 8 9 |  9.7
Summonings     | 5 7 8 |  8.6
Necromancy     | 5 7 8 |  8.6
Translocations | 5 7 8 |  8.6
Transmutations | 5 7 8 |  8.6
Fire Magic     | 5 7 8 |  8.6
Ice Magic      | 5 7 8 |  8.6
Air Magic      | 5 7 8 |  8.6
Earth Magic    | 5 7 8 |  8.6
Poison Magic   | 6 8 9 |  9.7
Invocations    | 8 9 11 | 11.5
Evocations     | 6 7 8 |  8.9

Action                     |  1- 3 |  4- 6 |  7- 9 | 10-12 | 13-15 | 16-18 | 19-21 || total
---------------------------+-------+-------+-------+-------+-------+-------+-------++-------
  Melee: Executioner's axe |     1 |       |       |     1 |     3 |     4 |     1 ||    10
 Armour: Robe              |       |       |       |       |       |       |     1 ||     1
  Dodge: Dodged            |     1 |       |       |       |       |     2 |       ||     3

Table legend: (Time is in decaauts)
 A = Elapsed time spent in this place.
 B = Non-inter-level travel time spent in this place.
 C = Inter-level travel time spent in this place.
 D = Time resting spent in this place.
 E = Time spent auto-exploring this place.
 F = Levels seen in this place.
 G = Mean time per level.
                   A        B        C        D        E       F      G
               +--------+--------+--------+--------+--------+-----+--------+
         Total |     26 |     26 |      0 |      0 |      0 |   1 |   26.0 |
       Dungeon |     26 |     26 |      0 |      0 |      0 |   1 |   26.0 |
               +--------+--------+--------+--------+--------+-----+--------+

Top non-repeatable levels by time:
       D: 26 daAuts
